 Dungeon Crawl Stone Soup version 0.26.0-91-g99b343417d (webtiles) character file.

Game seed: 8111526392998579154

2438 oldmanjim the Magician (level 9, -1/70 HPs)
             Began as a Gnoll Warper on Feb 3, 2021.
             Was a Believer of Okawaru.
             Splashed by Pikel's acid (13 damage)
             ... on level 7 of the Dungeon.
             The game lasted 00:45:01 (8326 turns).

oldmanjim the Magician (Gnoll Warper)               Turns: 8326, Time: 00:45:01

Health: -1/70      AC:  9    Str: 16    XL:     9   Next: 49%
Magic:  19/19      EV: 14    Int: 17    God:    Okawaru [**....]
Gold:   371        SH:  0    Dex: 14    Spells: 19/21 levels left

rFire    . . .     SeeInvis .   a - +2 whip (venom)
rCold    + . .     Faith    +   (no shield)
rNeg     . . .     Spirit   .   C - +0 ring mail {rC+}
rPois    .         Reflect  .   w - +1 helmet
rElec    .         Harm     .   (no cloak)
rCorr    .         Rampage  .   L - +0 pair of gloves
Will     .....                  (no boots)
Stlth    ++........             E - amulet of faith
HPRegen  0.21/turn              (no ring)
MPRegen  0.16/turn              (no ring)

@: no status effects
A: distributed training, fangs 1, strong nose
a: Renounce Religion, Heroism


You were on level 7 of the Dungeon.
You worshipped Okawaru.
Okawaru was pleased with you.
You visited 2 branches of the dungeon, and saw 8 of its levels.

You collected 371 gold pieces.

Inventory:

Hand Weapons
 a - a +2 whip of venom (weapon)
 b - a +0 hunting sling
 k - a +3 halberd of freezing
 o - a +0 hand axe
Missiles
 c - 288 stones
 e - 5 boomerangs of dispersal
 i - 126 arrows
 t - 12 poisoned darts
 x - 28 sling bullets
 F - 5 javelins (quivered)
 M - 15 bolts
Armour
 m - a +2 kite shield of protection
 w - a +1 helmet (worn)
 y - a cursed +0 ring mail
 z - a cursed +0 chain mail
 C - a +0 ring mail of cold resistance (worn)
 L - a +0 pair of gloves (worn)
Jewellery
 E - an amulet of faith (around neck)
Wands
 f - a wand of iceblast (9)
 A - a wand of digging (10)
 I - a wand of paralysis (8)
Scrolls
 d - 3 scrolls of blinking
 g - 4 scrolls of remove curse
 h - 2 scrolls of magic mapping
 j - a scroll of enchant armour
 l - a scroll of teleportation
 q - a scroll of fog {unknown}
 r - a scroll of identify
 H - 2 scrolls of enchant weapon {unknown}
 K - a scroll of amnesia {unknown}
 N - 3 scrolls of fear {unknown}
Potions
 n - a potion of berserk rage
 p - a potion of might
 s - a potion of curing
 v - 3 potions of lignification
 B - a potion of magic
 D - 2 potions of cancellation
 G - a potion of mutation {unknown}
 J - 2 potions of heal wounds {unknown}


   Skills:
 + Level 6.3 Fighting
 + Level 4.3 Short Blades
 + Level 4.3 Long Blades
 + Level 6.3 Axes
 + Level 4.3 Maces & Flails
 + Level 4.3 Polearms
 + Level 4.3 Staves
 + Level 4.3 Slings
 + Level 4.3 Bows
 + Level 4.3 Crossbows
 + Level 5.1 Throwing
 + Level 5.1 Armour
 + Level 6.3 Dodging
 + Level 4.3 Stealth
 + Level 4.3 Shields
 + Level 4.3 Unarmed Combat
 + Level 6.6 Spellcasting
 + Level 3.5 Conjurations
 + Level 3.5 Hexes
 + Level 3.5 Summonings
 + Level 3.5 Necromancy
 + Level 6.6 Translocations
 + Level 3.5 Transmutations
 + Level 3.5 Fire Magic
 + Level 3.5 Ice Magic
 + Level 3.5 Air Magic
 + Level 3.5 Earth Magic
 + Level 3.5 Poison Magic
 + Level 4.7 Invocations
 + Level 4.3 Evocations


You had 19 spell levels left.
You knew the following spells:

 Your Spells              Type           Power        Failure   Level
a - Blink                 Tloc           N/A          2%          2

Your spell library contained the following spells:

 Spells                   Type           Power        Failure   Level
 Gell's Gravitas          Tloc           14%          4%          3
 Lesser Beckoning         Tloc           14%          4%          3
 Teleport Other           Tloc           28%          4%          3
 Passage of Golubria      Tloc           N/A          14%         4


Dungeon Overview and Level Annotations

Branches:
Dungeon (7/15)             Temple (1/1) D:5

Altars:
Ashenzari
Cheibriados
Dithmenos
Elyvilon
Gozag
Hepliaklqana
Kikubaaqudgha
Makhleb
Okawaru
Qazlal
Sif Muna
Uskayaw
Vehumet
Wu Jian
Xom
Yredelemnul
Zin
The Shining One

Annotations:
D:3 1 runed translucent door, exclusion: door, Crazy Yiuf
D:7 Pikel


Innate Abilities, Weirdness & Mutations

Your experience applies equally to all skills.
You have very sharp teeth.
Your uncanny sense of smell can sniff out nearby items.


Message History

You hit Pikel.
Pikel looks as sick as possible!
Pikel is heavily wounded.
Pikel waves his whip at you. Pikel barely misses you.
You hit Pikel.
Pikel looks as sick as possible!
Pikel is heavily wounded.
Pikel zaps a wand.
The bolt of acid misses you.
You hit Pikel but do no damage.
Pikel looks as sick as possible!
Pikel is severely wounded.
You barely miss Pikel.
Pikel is severely wounded.
Pikel hits you with a +1 whip of freezing!
Pikel freezes you.
You are too injured to fight recklessly!
You hit Pikel but do no damage.
Pikel looks as sick as possible!
Pikel is severely wounded.
Pikel zaps a wand.
The bolt of acid hits you!!
* * * LOW HITPOINT WARNING * * *
You are splashed with acid!
You die...

### ########
##.####......###
##.#.##.........##
##@###.....## #..#
∆...##K##.##...#.###.#..
#.55.......#.#.#.#.#.
5..(.5##.##<.##.#.#.##.
#(#.#. ###.#.###)#.###.
.( #$#. #.##.##.#.#.##.
. # #. #.# #.#.#.#.#.#.
#. ## #..#.###.#..
#...#####...


You could see Pikel (extremely poisoned) and 3 lemures.

Vanquished Creatures
  4 yaks
  A steam dragon (D:6)
  An orc warrior (D:6)
  An ice beast (D:5)
  2 sky beasts (D:5)
  A centaur (D:6)
  A big kobold (D:4)
  A scorpion (D:6)
  9 wights
  A centaur skeleton (D:4)
  A jelly (D:7)
  4 hounds
  3 orc wizards
  An orc priest (D:3)
  2 bullfrog skeletons
  Natasha (thrice) (D:2)
  Terence (D:2)
  4 worker ants
  Ijyb (D:3)
  2 worker ant zombies
  Robin (D:2)
  2 gnolls (D:3)
  8 adders
  A howler monkey skeleton (D:5)
  An ufetubus (D:5)
  An ooze (D:1)
  2 adder skeletons
  3 worms
  A dart slug (D:3)
  A leopard gecko (D:6)
  11 orcs
  A ball python (D:5)
  3 bats
  2 giant cockroaches (D:2)
  13 goblins
  4 hobgoblins
  3 jackals (D:7)
  13 kobolds
  A quokka (D:4)
  5 frilled lizards
  2 leopard gecko skeletons
  A leopard gecko zombie (D:7)
  A quokka skeleton (D:6)
  A quokka zombie (D:6)
  10 rats
136 creatures vanquished.

Vanquished Creatures (others)
  A fungus (D:3)
  A plant (D:4)
2 creatures vanquished.

Grand Total: 138 creatures vanquished

Notes
Turn   | Place    | Note
-------+----------+-------------------------------------------
     0 | D:1      | oldmanjim the Gnoll Warper began the quest for the Orb.
     0 | D:1      | Reached XP level 1. HP: 20/20 MP: 6/6
   315 | D:1      | Reached XP level 2. HP: 24/26 MP: 7/7
   348 | D:1      | Learned a level 2 spell: Blink
   853 | D:2      | Reached XP level 3. HP: 30/31 MP: 9/9
   950 | D:2      | Reached skill level 5 in Spellcasting
  1083 | D:2      | Reached skill level 1 in Invocations
  1153 | D:2      | Noticed Terence
  1153 | D:2      | Noticed Robin
  1213 | D:2      | Reached skill level 1 in Short Blades
  1213 | D:2      | Reached skill level 1 in Long Blades
  1213 | D:2      | Reached skill level 1 in Maces & Flails
  1213 | D:2      | Reached skill level 1 in Polearms
  1213 | D:2      | Reached skill level 1 in Staves
  1213 | D:2      | Reached skill level 1 in Slings
  1213 | D:2      | Reached skill level 1 in Bows
  1213 | D:2      | Reached skill level 1 in Crossbows
  1213 | D:2      | Reached skill level 1 in Stealth
  1213 | D:2      | Reached skill level 1 in Shields
  1213 | D:2      | Reached skill level 1 in Unarmed Combat
  1213 | D:2      | Reached skill level 1 in Evocations
  1372 | D:2      | Killed Robin
  1373 | D:2      | Reached XP level 4. HP: 28/38 MP: 11/11
  1503 | D:2      | Killed Terence
  1504 | D:2      | Reached skill level 1 in Conjurations
  1504 | D:2      | Reached skill level 1 in Hexes
  1504 | D:2      | Reached skill level 1 in Summonings
  1504 | D:2      | Reached skill level 1 in Necromancy
  1504 | D:2      | Reached skill level 1 in Transmutations
  1504 | D:2      | Reached skill level 1 in Fire Magic
  1504 | D:2      | Reached skill level 1 in Ice Magic
  1504 | D:2      | Reached skill level 1 in Air Magic
  1504 | D:2      | Reached skill level 1 in Earth Magic
  1504 | D:2      | Reached skill level 1 in Poison Magic
  1790 | D:3      | Noticed Natasha
  1806 | D:2      | Killed Natasha
  1807 | D:2      | Reached XP level 5. HP: 37/43 MP: 12/12
  2032 | D:2      | Noticed Natasha
  2043 | D:2      | Killed Natasha
  2101 | D:2      | Noticed Natasha
  2356 | D:2      | Killed Natasha
  2922 | D:3      | Found a runed translucent door.
  2924 | D:3      | Noticed Crazy Yiuf
  3003 | D:3      | Reached XP level 6. HP: 27/50 MP: 13/13
  3198 | D:3      | Found a shimmering altar of Xom.
  3373 | D:3      | Noticed Ijyb
  3385 | D:3      | Killed Ijyb
  3545 | D:3      | Reached skill level 5 in Fighting
  3545 | D:3      | Reached skill level 5 in Axes
  3545 | D:3      | Reached skill level 5 in Dodging
  4178 | D:4      | Found a shadowy altar of Dithmenos.
  4202 | D:4      | Reached XP level 7. HP: 51/56 MP: 15/15
  4619 | D:4      | Found a shimmering blue altar of Sif Muna.
  4891 | D:5      | Entered Level 5 of the Dungeon
  5731 | D:5      | Found a staircase to the Ecumenical Temple.
  5740 | Temple   | Entered the Ecumenical Temple
  5895 | Temple   | Became a worshipper of Warmaster Okawaru
  6201 | D:5      | Reached XP level 8. HP: 26/63 MP: 16/16
  6673 | D:6      | Noticed a yak
  6673 | D:6      | Noticed a yak
  6673 | D:6      | Noticed a yak
  6674 | D:6      | Noticed a yak
  6687 | D:6      | Killed a yak
  6706 | D:6      | Killed a yak
  6706 | D:6      | Reached * piety under Okawaru
  6731 | D:5      | Killed a yak
  6920 | D:6      | Killed a yak
  7118 | D:6      | Reached XP level 9. HP: 60/69 MP: 18/18
  7307 | D:6      | Reached ** piety under Okawaru
  7455 | D:6      | Found a white marble altar of Elyvilon.
  7932 | D:6      | Reached skill level 5 in Throwing
  7932 | D:6      | Reached skill level 5 in Armour
  8297 | D:7      | Noticed Pikel
  8326 | D:7      | Splashed by Pikel's acid

Illustrated notes

Levels and vault maps discovered:
D:1:      grunt_arrival_crossed_arrows, layout_loops_ring, item_on_display_a
D:2:      layout_basic, uniq_terence, uniq_robin
D:3:      layout_basic, tgw_xom, uniq_crazy_yiuf_cottage, uniq_ijyb,
          uniq_natasha
D:4:      layout_layer_cave, lemuel_blue_sif_altar,
          nicolae_dithmenos_shadow_blocks, saegor_snake_ambush
D:5:      layout_cave_pods, minmay_temple_entry_mist
D:6:      layout_basic, lemuel_altar_in_water
D:7:      layout_loops_ring, old_standard_altar,
          gammafunk_temple_overflow_arena, basic_altar,
          kb_lookout_dungeons_type, minmay_circle_x, uniq_menkaure, uniq_pikel
Temple:   nicolae_temple_elliptical

Skill      XL: |  1  2  3  4  5  6  7  8  9 |
---------------+----------------------------+-----
Spellcasting   | 5 6 |  6.6
Invocations    | 1 2 3 4 |  4.7
Short Blades   | 1 2 3 4 |  4.3
Long Blades    | 1 2 3 4 |  4.3
Maces & Flails | 1 2 3 4 |  4.3
Polearms       | 1 2 3 4 |  4.3
Staves         | 1 2 3 4 |  4.3
Slings         | 1 2 3 4 |  4.3
Bows           | 1 2 3 4 |  4.3
Crossbows      | 1 2 3 4 |  4.3
Stealth        | 1 2 3 4 |  4.3
Shields        | 1 2 3 4 |  4.3
Unarmed Combat | 1 2 3 4 |  4.3
Evocations     | 1 2 3 4 |  4.3
Conjurations   | 1 2 3 |  3.5
Hexes          | 1 2 3 |  3.5
Summonings     | 1 2 3 |  3.5
Necromancy     | 1 2 3 |  3.5
Transmutations | 1 2 3 |  3.5
Fire Magic     | 1 2 3 |  3.5
Ice Magic      | 1 2 3 |  3.5
Air Magic      | 1 2 3 |  3.5
Earth Magic    | 1 2 3 |  3.5
Poison Magic   | 1 2 3 |  3.5
Throwing       | 3 4 5 |  5.1
Armour         | 3 4 5 |  5.1
Fighting       | 5 6 |  6.3
Axes           | 5 6 |  6.3
Dodging        | 5 6 |  6.3
Translocations | 6 |  6.6

Action                   |  1- 3 |  4- 6 |  7- 9 || total
-------------------------+-------+-------+-------++-------
Melee: Hand axe          |    48 |       |       ||    48
       Bite              |     9 |    18 |    31 ||    58
       Whip              |    38 |   119 |   285 ||   442
       Punch             |       |       |     4 ||     4
 Fire: Hunting sling     |       |    48 |    52 ||   100
Throw: Dart              |     4 |     5 |    33 ||    42
       Javelin           |       |       |    15 ||    15
  Use: Scroll            |       |       |    11 ||    11
 Stab: Sleeping          |     5 |       |       ||     5
Armor: Leather armour    |    22 |    10 |       ||    32
       Ring mail         |       |    18 |    66 ||    84
Dodge: Dodged            |    76 |    87 |   169 ||   332
